[Event "Team 45 45 League T40"]
[Site "Internet Chess Club"]
[Date "2009.03.06"]
[Round "6"]
[White "chess92192"]
[Black "alastorx"]
[Result "1-0"]
[WhiteElo "1946"]
[BlackElo "1754"]
[Opening "QGD: Tarrasch defense"]
[ECO "D32"]
[Time "16:58:33"]
[TimeControl "2700+45"]

1. d4 e6 2. c4 d5 3. Nc3 c5 4. dxc5 d4 5. Nb5 Bxc5 6. Nf3 Nc6 7. e3 e5 8. exd4
Nxd4 9. Nxe5 Qe7 10. Nxd4 Qxe5+ 11. Ne2 Bb4+ 12. Bd2 Qxb2 13. Bxb4 Qxb4+ 14. Qd2
Qxc4 15. Rc1 Qe6 16. Rc3 Ne7 17. Qg5 Qf6 18. Qxf6 gxf6 19. Nd4 Nd5 20. Rc5 Be6
21. Bc4 Rd8 22. O-O O-O 23. f4 b6 24. Nxe6 fxe6 25. Rc6 Rfe8 26. f5 Ne3 27.
Bxe6+ Rxe6 28. fxe6 Nxf1 29. Kxf1 Re8 30. Kf2 Re7 31. Kf3 Kg7 32. Kf4 b5 33. Kf5
a5 34. Rd6 {Black resigns} 1-0

[Event "Team 45 45 League T40"]
[Site "Internet Chess Club"]
[Date "2009.03.09"]
[Round "6"]
[White "MRX"]
[Black "Boro"]
[Result "1-0"]
[WhiteElo "1750"]
[BlackElo "1840"]
[Opening "Colle system"]
[ECO "D05"]
[Time "12:00:31"]
[TimeControl "2700+45"]

1. d4 d5 2. Nf3 Nf6 3. e3 e6 4. Bd3 c5 5. c3 Nbd7 6. Nbd2 Bd6 7. O-O O-O 8. Re1
e5 9. e4 dxe4 10. Nxe4 Nxe4 11. Bxe4 f5 12. Bd5+ Kh8 13. dxe5 Be7 14. Bb3 Qc7
15. Bg5 Bxg5 16. Nxg5 c4 17. Qh5 h6 18. Ne6 Qc6 19. Nxf8 cxb3 20. Ng6+ Kh7 21.
Ne7 Qe6 22. Qxf5+ Qxf5 23. Nxf5 bxa2 24. Nd6 Nc5 25. Nxc8 Rxc8 26. Rxa2 a6 27.
Re3 Re8 28. b4 Ne6 29. Rd2 Re7 30. g3 g5 31. Rd6 Ng7 32. g4 h5 33. h3 hxg4 34.
hxg4 Ne6 35. Red3 Nf8 36. c4 Rxe5 37. R3d5 Re4 38. Rd4 Re7 39. f3 Kg7 40. Kf2
Kf7 41. R4d5 Rc7 42. c5 Ke7 {Black resigns} 1-0

[Event "Team 45 45 League T40"]
[Site "Internet Chess Club"]
[Date "2009.03.06"]
[Round "6"]
[White "superplayer"]
[Black "NFK"]
[Result "0-1"]
[WhiteElo "1819"]
[BlackElo "1756"]
[Opening "Queen's pawn: Torre attack"]
[ECO "A46"]
[Time "14:04:08"]
[TimeControl "2700+45"]

1. d4 Nf6 2. Nf3 e6 3. Bg5 c5 4. c3 cxd4 5. cxd4 Be7 6. Nc3 d5 7. e3 O-O 8. Bd3
b6 9. Qe2 Nc6 10. a3 Bb7 11. Bb5 Rc8 12. Bxc6 Bxc6 13. O-O h6 14. Bh4 Kh8 15.
Ne5 Bb7 16. Rfc1 a6 17. b4 Nd7 18. Nxd7 Qxd7 19. Bxe7 Qxe7 20. Na4 Qd6 21. Qb2
f5 22. f4 g5 23. Rxc8 Rxc8 24. Rc1 gxf4 25. Rxc8+ Bxc8 26. exf4 Bd7 27. Qc2 Qxf4
28. Nxb6 Qxd4+ 29. Qf2 Qxf2+ 30. Kxf2 Bc6 31. Ke3 e5 32. a4 Kg7 33. a5 d4+ 34.
Kd3 Bb5+ 35. Kd2 Kf6 36. Nd5+ Kg5 37. Nc7 Bc4 38. b5 axb5 39. a6 Bf1 40. a7 Bxg2
41. Nxb5 Kf4 42. Nc7 Kg4 43. Ne6 Kh3 44. Ng7 f4 45. Nf5 h5 46. Nd6 Ba8 47. Nf7
e4 48. Nd8 Kxh2 49. Ne6 e3+ 50. Ke1 Kg3 51. Nxd4 f3 52. Nf5+ Kf4 53. Nxe3 Kxe3
54. Kf1 Kd2 55. Kf2 h4 56. Kf1 h3 57. Kg1 Ke1 58. Kh1 f2+ 59. Kh2 f1=Q 60. Kg3
Qg2+ {White resigns} 0-1

[Event "Team 45 45 League T40"]
[Site "Internet Chess Club"]
[Date "2009.03.07"]
[Round "6"]
[White "Egmont"]
[Black "John3v16"]
[Result "0-1"]
[WhiteElo "1686"]
[BlackElo "1712"]
[Opening "Sicilian: Alapin's variation (2.c3)"]
[ECO "B22"]
[Time "03:59:42"]
[TimeControl "2700+45"]

1. e4 c5 2. c3 d5 3. exd5 Qxd5 4. d4 Nc6 5. Nf3 Bf5 6. Na3 e6 7. Nb5 Rc8 8. Be2
a6 9. Na3 cxd4 10. cxd4 Bb4+ 11. Bd2 Bxa3 12. bxa3 Nxd4 13. Nxd4 Qxd4 14. Rc1
Rd8 15. Bf3 Qe5+ 16. Qe2 Qxe2+ 17. Kxe2 Ne7 18. Rhd1 Nd5 19. Ba5 b6 20. Bxd5
bxa5 21. Bc6+ Ke7 22. Bb7 Rb8 23. Rc7+ Kf6 24. Bxa6 Rb2+ 25. Rd2 Rhb8 26. Rd7 e5
27. Rd6+ Ke7 28. Bc4 Rc2 29. Bb3 Rxd2+ 30. Rxd2 Be6 31. Rd3 a4 32. Bxa4 Bc4 33.
Bb3 Bxd3+ 34. Kxd3 Rd8+ 35. Ke3 Rd4 36. a4 f5 37. f4 Rxf4 38. a5 Kd6 39. a6 Kc6
40. Kd3 Rd4+ 41. Kc3 Kb6 42. Bc4 Rd1 43. a4 e4 44. a5+ Ka7 45. Be6 e3 46. Bc4
Rc1+ {White resigns} 0-1

[Event "Team 45 45 League T40"]
[Site "Internet Chess Club"]
[Date "2009.03.09"]
[Round "6"]
[White "qs16"]
[Black "cityprosecutor"]
[Result "0-1"]
[WhiteElo "1771"]
[BlackElo "1747"]
[Opening "Queen's pawn game"]
[ECO "A45"]
[Time "14:07:36"]
[TimeControl "2700+45"]

1. d4 Nf6 2. e3 c5 3. c3 e6 4. Bd3 d5 5. Nd2 Be7 6. f4 O-O 7. Ngf3 b6 8. O-O Bb7
9. Ne5 Ne4 10. Rf3 Nd7 11. Rh3 Nxe5 12. fxe5 g6 13. Qg4 f5 14. exf6 Nxf6 15.
Qxe6+ Kg7 16. Rg3 Bc8 17. Qc6 Bd7 18. Qb7 Bd6 19. Rf3 Rf7 20. Qa6 c4 21. Be2 Qe8
22. b4 Bg4 23. Rf2 Qxe3 24. Nf1 Qxc3 25. Rxf6 Qxd4+ 26. Be3 Qxf6 27. Rd1 Bxe2
28. Bd4 Be5 {White resigns} 0-1

[Event "Team 45 45 League T40"]
[Site "Internet Chess Club"]
[Date "2009.03.07"]
[Round "6"]
[White "arrabi"]
[Black "upsan"]
[Result "1/2-1/2"]
[WhiteElo "1685"]
[BlackElo "1780"]
[Opening "French: Schlechter variation"]
[ECO "C01"]
[Time "15:03:38"]
[TimeControl "2700+45"]

1. e4 e6 2. d4 d5 3. Bd3 Ne7 4. Bg5 c5 5. Bb5+ Nbc6 6. Nc3 cxd4 7. Qxd4 Bd7 8.
Bxc6 Nxc6 9. Qd2 Be7 10. Bxe7 Qxe7 11. exd5 exd5+ 12. Nge2 Be6 13. O-O-O Rd8 14.
Rhe1 O-O 15. Nd4 Qf6 16. Kb1 Rfe8 17. f3 a6 18. a3 h6 19. Na4 Bc8 20. Rxe8+ Rxe8
21. Nb3 Be6 22. Nac5 Qe7 23. Qf4 g5 24. Qe3 d4 25. Qd3 Bxb3 26. Nxb3 Rd8 27. Qf5
b6 {Game drawn by mutual agreement} 1/2-1/2

[Event "Team 45 45 League T40"]
[Site "Internet Chess Club"]
[Date "2009.03.08"]
[Round "6"]
[White "oldsj"]
[Black "byebyebadman"]
[Result "0-1"]
[WhiteElo "1603"]
[BlackElo "1795"]
[Opening "Sicilian: accelerated fianchetto, modern variation"]
[ECO "B34"]
[Time "14:08:47"]
[TimeControl "2700+45"]

1. e4 c5 2. Nf3 Nc6 3. d4 cxd4 4. Nxd4 g6 5. Nc3 Bg7 6. Be3 Nf6 7. f3 O-O 8. Bc4
Qb6 9. Qd2 Nxe4 10. fxe4 Bxd4 11. Bxd4 Qxd4 12. Qxd4 Nxd4 13. O-O-O Nc6 14. Rhf1
a6 15. Nd5 b5 16. Bb3 d6 17. h3 Kg7 18. Rf2 a5 19. a4 b4 20. Rdf1 Be6 21. Nc7
Bxb3 22. Nxa8 Bc4 23. Nc7 Bxf1 24. Rxf1 Rc8 25. Nd5 Nd4 26. Rf2 e6 27. Ne3 h5
28. Kd2 Nc6 29. Nc4 d5 30. exd5 exd5 31. Rxf7+ Kxf7 32. Nd6+ Ke6 33. Nxc8 Ke5
34. g3 Ke4 35. Ke2 Nd4+ 36. Kf2 Nxc2 37. Ne7 d4 38. Ke2 d3+ 39. Kd2 Na3 40. Nxg6
Nc4+ 41. Kc1 Kf3 42. Nf4 d2+ 43. Kc2 Nxb2 44. Kxd2 Kxg3 45. Nxh5+ Kxh3 46. Nf4+
Kg4 47. Nd5 Nxa4 48. Kc2 Nc5 49. Nb6 Kf5 50. Kb2 Ke6 51. Nc4 Nb7 52. Kb3 Nc5+
53. Kb2 a4 54. Ka2 Kd5 55. Nd2 Kd4 56. Kb2 Kd3 57. Nb1 Nb7 58. Kc1 Na5 59. Kb2
Nc4+ 60. Ka2 b3+ 61. Ka1 Nd2 62. Nc3 a3 63. Nb5 b2+ 64. Ka2 b1=Q+ {White
resigns} 0-1

[Event "Team 45 45 League T40"]
[Site "Internet Chess Club"]
[Date "2009.03.07"]
[Round "6"]
[White "johnnyperez"]
[Black "pishd"]
[Result "0-1"]
[WhiteElo "1578"]
[BlackElo "1736"]
[Opening "Caro-Kann defense"]
[ECO "B10"]
[Time "08:17:45"]
[TimeControl "2700+45"]

1. e4 c6 2. Nf3 d5 3. e5 Bg4 4. d4 e6 5. Qd3 h6 6. Be2 Bf5 7. Qb3 Qb6 8. Qxb6
axb6 9. Bd3 Bxd3 10. cxd3 c5 11. Nc3 Nc6 12. Nb5 Kd7 13. O-O Nb4 14. dxc5 bxc5
15. d4 Nc2 16. Rb1 Rxa2 17. dxc5 Bxc5 18. Bf4 Nb4 19. Nd6 Bxd6 20. exd6 f6 21.
Rfd1 Nc6 22. Bg3 h5 23. h4 Ra5 24. b4 Rb5 25. Nd4 Nxd4 26. Rxd4 e5 27. Rc1 Kxd6
28. Rc8 Kd7 29. Rxg8 Rxg8 30. Rd1 Rc8 31. Kh2 Rc4 32. Ra1 Rbxb4 33. Ra8 Ke6 34.
Rg8 Kf7 35. Rd8 d4 36. f3 Rc7 37. Kh3 Rbc4 38. Bf2 b5 39. g4 hxg4+ 40. Kxg4 Rb7
41. h5 b4 42. Kf5 b3 43. Rh8 b2 44. h6 b1=Q+ 45. Kg4 Qg6+ {White resigns} 0-1

[Event "Team 45 45 League T40"]
[Site "Internet Chess Club"]
[Date "2009.03.07"]
[Round "6"]
[White "Bill-W"]
[Black "Ehab"]
[Result "0-1"]
[WhiteElo "1680"]
[BlackElo "1854"]
[Opening "Scandinavian: Pytel-Wade variation"]
[ECO "B01"]
[Time "10:00:18"]
[TimeControl "2700+45"]

1. e4 d5 2. exd5 Qxd5 3. Nc3 Qd6 4. d4 a6 5. Nf3 Nf6 6. g3 Nc6 7. Bf4 Qb4 8. Qd2
Bg4 9. Bg2 O-O-O 10. O-O-O e6 11. a3 Qa5 12. Be3 Bxa3 13. bxa3 Qxa3+ 14. Kb1 Na5
15. Na2 Rd5 16. Qc1 Rb5+ 17. Ka1 Qa4 18. Rd3 Nc4 19. Rb3 Ra5 20. Qb1 Nd5 21. Bd2
Bxf3 22. Bxa5 Bxg2 23. Rxb7 Qxa5 24. Rb8+ Kd7 25. Rxh8 Nc3 26. Qb3 Nxa2 27. Qxa2
Qc3+ 28. Kb1 Bxh1 29. Qa4+ Bc6 30. Qb3 Nd2+ {White resigns} 0-1

[Event "Team 45 45 League T40"]
[Site "Internet Chess Club"]
[Date "2009.03.08"]
[Round "6"]
[White "Warpdrive"]
[Black "scottrugby"]
[Result "1/2-1/2"]
[WhiteElo "1807"]
[BlackElo "1529"]
[Opening "Sicilian: dragon, classical, Grigoriev variation"]
[ECO "B34"]
[Time "20:55:24"]
[TimeControl "2700+45"]

1. e4 c5 2. Nf3 g6 3. d4 cxd4 4. Nxd4 Nc6 5. Nc3 Nf6 6. Be2 Bg7 7. Be3 O-O 8.
Qd2 d6 9. O-O-O a6 10. h4 Ng4 11. Bxg4 Bxg4 12. f3 Bd7 13. h5 b5 14. hxg6 fxg6
15. Nxc6 Bxc6 16. Bh6 Rf7 17. Bxg7 Rxg7 18. Nd5 Bxd5 19. Qxd5+ Kh8 20. e5 Qg8
21. Qxg8+ Kxg8 22. exd6 exd6 23. Rxd6 a5 24. Rhd1 Raa7 25. Rd8+ Kf7 26. R8d7+
Kf6 27. Rxg7 Rxg7 28. Rd5 Rb7 29. Kd2 Ke6 30. Rc5 Kd6 31. Rg5 Kc6 32. c3 Rd7+
33. Kc2 Re7 34. a3 a4 35. f4 Re2+ 36. Kc1 Rf2 37. g3 Rf1+ 38. Kc2 Kb6 39. Rd5
Rg1 40. Rd3 Rg2+ 41. Kc1 Rg1+ {Game drawn by mutual agreement} 1/2-1/2

[Event "Team 45 45 League T40"]
[Site "Internet Chess Club"]
[Date "2009.03.07"]
[Round "6"]
[White "PandorasBox"]
[Black "Solfege"]
[Result "1/2-1/2"]
[WhiteElo "2204"]
[BlackElo "2105"]
[Opening "Blackmar-Diemer: Euwe defense"]
[ECO "D00"]
[Time "16:02:18"]
[TimeControl "2700+45"]

1. d4 d5 2. e4 dxe4 3. Nc3 Nf6 4. f3 exf3 5. Nxf3 e6 6. Bd3 Nc6 7. O-O Nxd4 8.
Be3 Nxf3+ 9. Qxf3 Be7 10. Rad1 Bd7 11. Qxb7 Rb8 12. Qxa7 Rxb2 13. Ne4 Qb8 14.
Qd4 c5 15. Nxf6+ Bxf6 16. Qxc5 Rxa2 17. Rxf6 gxf6 18. Be4 Qc8 19. Qd6 Ra6 20.
Qg3 Qc3 21. Bd3 Ra8 22. Bd2 {Game drawn by mutual agreement} 1/2-1/2

[Event "Team 45 45 League T40"]
[Site "Internet Chess Club"]
[Date "2009.03.08"]
[Round "6"]
[White "simon2007"]
[Black "Despair"]
[Result "0-1"]
[WhiteElo "1988"]
[BlackElo "1954"]
[Opening "French: advance, Nimzovich variation"]
[ECO "C02"]
[Time "17:00:26"]
[TimeControl "2700+45"]

1. e4 e6 2. d4 d5 3. e5 c5 4. Qg4 cxd4 5. Nf3 Nc6 6. Bd3 f5 7. Qg3 Nge7 8. O-O
Ng6 9. a3 Be7 10. Re1 Bh4 11. Nxh4 Qxh4 12. Qxh4 Nxh4 13. b4 Ng6 14. f4 O-O 15.
g3 a6 16. Nd2 b5 17. Nb3 Bd7 18. Bb2 Rfd8 19. Nxd4 Nxd4 20. Bxd4 Ne7 21. Kf2
Rdc8 22. Bc5 Nc6 23. c3 Na5 24. Bc2 Nc4 25. Ke2 a5 26. Bb3 Bc6 27. Bxc4 dxc4 28.
Ke3 Ra6 29. Rad1 axb4 30. Bxb4 Bd5 31. Rg1 Raa8 32. g4 fxg4 33. Rxg4 Rd8 34.
Rdg1 Rd7 35. h4 Bc6 36. Bd6 Rf7 37. h5 Rc8 38. h6 g6 39. Rg5 Kh8 40. R5g4 Rd8
41. Kd4 Rf5 42. Kc5 Rc8 43. Kb6 Rf7 44. Rh4 Be4 45. Re1 Rb7+ 46. Ka5 b4 47. Bc5
Ra8+ {White resigns} 0-1

[Event "Team 45 45 League T40"]
[Site "Internet Chess Club"]
[Date "2009.03.05"]
[Round "6"]
[White "matein7"]
[Black "BadHabitMarco"]
[Result "1/2-1/2"]
[WhiteElo "1916"]
[BlackElo "2036"]
[Opening "QGD semi-Slav: Meran, 8...a6"]
[ECO "D48"]
[Time "15:07:51"]
[TimeControl "2700+45"]

1. d4 d5 2. c4 c6 3. Nf3 e6 4. Nc3 Nf6 5. e3 Nbd7 6. Bd3 dxc4 7. Bxc4 b5 8. Bd3
a6 9. O-O c5 10. Qe2 Bb7 11. Rd1 Qc7 12. e4 cxd4 13. Nxd4 Be7 14. Bg5 Rd8 15.
Rac1 Qb8 16. Nb3 O-O 17. Bh4 Rfe8 {Game drawn by mutual agreement} 1/2-1/2

[Event "Team 45 45 League T40"]
[Site "Internet Chess Club"]
[Date "2009.03.06"]
[Round "6"]
[White "Paulkov"]
[Black "fishhead"]
[Result "1/2-1/2"]
[WhiteElo "1845"]
[BlackElo "2013"]
[Opening "Alekhine's defense: exchange variation"]
[ECO "B03"]
[Time "20:01:57"]
[TimeControl "2700+45"]

1. e4 Nf6 2. e5 Nd5 3. d4 d6 4. c4 Nb6 5. exd6 cxd6 6. Nc3 g6 7. Be3 Bg7 8. Rc1
O-O 9. b3 e5 10. dxe5 dxe5 11. Qxd8 Rxd8 12. c5 Nd5 13. Nxd5 Rxd5 14. Bc4 Rd8
15. Nf3 h6 16. O-O Nc6 17. h3 Bd7 18. Rfd1 Be8 19. Nd2 Nd4 20. Ne4 Bc6 21. Nd6
Rd7 22. f4 b5 23. Bf1 a6 24. fxe5 Ne6 25. Be2 Bxe5 26. Bxh6 g5 27. Bg4 Bf4 28.
Rf1 Re7 29. Nf5 Rc7 30. Rce1 Kh7 31. g3 Bd2 32. Re2 Bb4 33. Kh2 Bxc5 34. Rc1 Kg6
35. h4 Ba3 36. Rd1 gxh4 37. gxh4 Rg8 38. Bg5 Nxg5 39. hxg5 Kxg5 40. Kg3 Bd7 41.
Rd5 Kf6 42. Rf2 Rc3+ 43. Ne3+ Ke7 44. Rxd7+ Ke8 45. Rfxf7 Rxe3+ 46. Kf4 Bc1 47.
Kf5 Re1 48. Bf3 Rg3 49. Bd5 Rf1+ 50. Ke4 Re3+ 51. Kd4 Rd1+ 52. Kc5 Rc3+ 53. Kb6
Rxd5 54. Rfe7+ Kf8 55. Rf7+ Ke8 56. Rfe7+ Kf8 57. Rf7+ {Game drawn by mutual
agreement} 1/2-1/2

[Event "Team 45 45 League T40"]
[Site "Internet Chess Club"]
[Date "2009.03.07"]
[Round "6"]
[White "snottgoblin"]
[Black "WarrenW"]
[Result "1/2-1/2"]
[WhiteElo "2003"]
[BlackElo "2114"]
[Opening "English opening"]
[ECO "A20"]
[Time "20:00:40"]
[TimeControl "2700+45"]

1. c4 e5 2. g3 c6 3. Bg2 d5 4. cxd5 cxd5 5. Nf3 Nc6 6. O-O e4 7. Ne1 Nf6 8. d3
Bg4 9. Bg5 Be7 10. Nc3 O-O 11. h3 Be6 12. Nc2 Qc7 13. dxe4 dxe4 14. Nd4 Nxd4 15.
Qxd4 Bc5 16. Qa4 Be7 17. Kh2 Rfd8 18. Bxf6 Bxf6 19. Nxe4 Bxb2 20. Rab1 Rd4 21.
Qb5 Ba3 22. e3 Rd7 23. Qa4 Be7 24. Rfc1 Qd8 25. Nc5 Bxc5 26. Rxc5 b6 27. Rc2 Rc8
28. Rbc1 Rxc2 29. Rxc2 f6 {Game drawn by mutual agreement} 1/2-1/2

[Event "Team 45 45 League T40"]
[Site "Internet Chess Club"]
[Date "2009.03.08"]
[Round "6"]
[White "hewdondada"]
[Black "Holzschlange"]
[Result "0-1"]
[WhiteElo "1815"]
[BlackElo "1916"]
[Opening "Trompowsky attack (Ruth, Opocenský opening)"]
[ECO "A45"]
[Time "20:00:39"]
[TimeControl "2700+45"]

1. d4 Nf6 2. Bg5 e6 3. e4 h6 4. Bxf6 Qxf6 5. c3 d6 6. Qd2 Nd7 7. Bd3 g5 8. Ne2
e5 9. O-O Bg7 10. Qe3 Nf8 11. Na3 c6 12. Nc2 Ng6 13. Ng3 Nf4 14. Ne2 Bg4 15.
Nxf4 gxf4 16. Qe1 f3 17. Ne3 fxg2 18. Nxg2 Rg8 19. dxe5 dxe5 20. f4 Bf8 21. Qe3
O-O-O 22. Bc4 Kb8 23. Kh1 Bd6 24. f5 Bc7 25. Rae1 Bb6 26. Qc1 Bh3 27. Re2 Qg7
28. Qc2 Bg4 29. Rd2 Rxd2 30. Qxd2 Bh3 {White resigns} 0-1

[Event "Team 45 45 League T40"]
[Site "Internet Chess Club"]
[Date "2009.03.08"]
[Round "6"]
[White "TerryMalloy"]
[Black "mugurelt"]
[Result "1/2-1/2"]
[WhiteElo "1949"]
[BlackElo "1727"]
[Opening "Catalan: open, 5.Qa4"]
[ECO "E02"]
[Time "18:03:13"]
[TimeControl "2700+45"]

1. d4 Nf6 2. c4 e6 3. g3 d5 4. Bg2 dxc4 5. Qa4+ c6 6. Qxc4 Nbd7 7. Nf3 Nb6 8.
Qc2 Bb4+ 9. Nbd2 O-O 10. O-O Qc7 11. a3 Bd6 12. Nc4 Nxc4 13. Qxc4 Rb8 14. b4 Re8
15. Bb2 Qe7 16. Rfc1 Nd7 17. Ne5 f6 18. Nxd7 Bxd7 19. Rd1 Kh8 20. e3 Rbd8 21.
Bc3 e5 22. dxe5 Bxe5 23. Bxe5 Qxe5 24. Qd4 Qxd4 25. Rxd4 Bc8 26. Rad1 Rxd4 27.
Rxd4 Kg8 28. Kf1 Kf8 29. Ke2 Ke7 30. Re4+ Kf7 31. Rd4 Ke7 32. Kd2 Rd8 33. Kc3
Rxd4 34. Kxd4 Kd6 35. e4 b6 36. f4 c5+ 37. bxc5+ bxc5+ 38. Kc3 Ba6 39. Bf3 h6
40. Kb3 Bf1 41. Ka4 Bd3 42. Kb3 {Game drawn by mutual agreement} 1/2-1/2

[Event "Team 45 45 League T40"]
[Site "Internet Chess Club"]
[Date "2009.03.07"]
[Round "6"]
[White "jonesey"]
[Black "Speedy-Reedy"]
[Result "0-1"]
[WhiteElo "1991"]
[BlackElo "1925"]
[Opening "Pirc: Austrian attack, 6.Bd3"]
[ECO "B09"]
[Time "04:00:24"]
[TimeControl "2700+45"]

1. e4 d6 2. d4 Nf6 3. Nc3 g6 4. f4 Bg7 5. Nf3 O-O 6. Bd3 Na6 7. O-O c5 8. Bxa6
cxd4 9. Nxd4 bxa6 10. Kh1 Bb7 11. Qd3 Qc7 12. Be3 Rfc8 13. Rae1 Nd7 14. Bd2 Nb6
15. f5 Nc4 16. fxg6 hxg6 17. Bc1 Ne5 18. Qh3 Qd7 19. Qh4 Ng4 20. Nf3 Rc4 21. Ng5
Nf6 22. Rxf6 exf6 23. Qh7+ Kf8 24. Nf3 Re8 25. Bh6 Bxh6 26. Qh8+ Ke7 27. Qxh6
Qc7 28. Nd5+ Bxd5 29. exd5+ Kd8 30. Rxe8+ Kxe8 31. Qe3+ Qe7 32. Qb3 Qc7 33. Qe3+
Kf8 34. c3 Qe7 35. Qh6+ Kg8 36. h3 Qe2 37. Nd2 Rc8 38. Qf4 Qe1+ 39. Nf1 Re8 40.
Kh2 Qe5 {White resigns} 0-1

[Event "Team 45 45 League T40"]
[Site "Internet Chess Club"]
[Date "2009.03.10"]
[Round "6"]
[White "mickeys"]
[Black "fledermaus"]
[Result "1/2-1/2"]
[WhiteElo "1914"]
[BlackElo "2006"]
[Opening "QGD: 4.Nf3"]
[ECO "D37"]
[Time "19:04:06"]
[TimeControl "2700+45"]

1. d4 d5 2. Nf3 Nf6 3. c4 e6 4. Nc3 Nbd7 5. e3 Be7 6. Bd3 O-O 7. O-O dxc4 8.
Bxc4 a6 9. Bd3 c5 10. Qc2 b5 11. Rd1 Qb6 12. a4 c4 13. Be2 Bb7 14. axb5 axb5 15.
Bd2 Bc6 16. e4 b4 17. e5 Rxa1 18. Rxa1 bxc3 19. exf6 Qxb2 20. Qxc3 Qxc3 21. Bxc3
Bxf6 22. Ne5 Bxe5 23. dxe5 Bd5 24. Ra4 Rc8 25. f4 Nc5 26. Ra3 Ne4 27. g3 h6 28.
Kf1 Rb8 29. Bd1 Rb1 30. Ke2 Nc5 31. Ra1 Ne4 32. Bd4 Rxa1 33. Bxa1 Kf8 34. Bc2
Nc5 35. Bc3 Ke8 36. Ke3 Kd7 37. Bb4 Kc6 38. Kd4 Nb3+ 39. Kc3 g6 40. Bd1 Kb5 41.
Bd6 h5 42. Bb4 Nc5 43. Bxc5 Kxc5 44. Be2 Kb5 45. Bd1 Ka5 46. Bc2 Kb5 {Game drawn
by mutual agreement} 1/2-1/2

[Event "Team 45 45 League T40"]
[Site "Internet Chess Club"]
[Date "2009.03.06"]
[Round "6"]
[White "ddlj81"]
[Black "koni"]
[Result "0-1"]
[WhiteElo "1828"]
[BlackElo "1904"]
[Opening "Pirc defense"]
[ECO "B07"]
[Time "01:00:53"]
[TimeControl "2700+45"]

1. e4 d6 2. d4 Nf6 3. Nc3 e5 4. Bc4 exd4 5. Qxd4 Nc6 6. Qd1 Be7 7. Nf3 O-O 8.
O-O Bg4 9. Be2 a6 10. Be3 b5 11. Nd4 Nxd4 12. Bxd4 Be6 13. f4 b4 14. e5 bxc3 15.
exf6 Bxf6 16. bxc3 g6 17. a4 Bg7 18. Bf3 d5 19. Rb1 c6 20. Qe2 Qc7 21. Qe3 Bf5
22. Bb6 Qc8 23. Rf2 Re8 24. Qc5 Be4 25. a5 Bxf3 26. Rxf3 Re4 27. Rb4 Bf8 28. Qf2
Bxb4 29. cxb4 Rxb4 30. h3 Qe6 31. f5 Rb1+ 32. Kh2 Qe5+ 33. g3 Qe1 34. Qg2 Re8
35. fxg6 hxg6 36. Bf2 Qf1 37. Qxf1 Rxf1 38. Kg2 Ra1 39. Bb6 Re2+ 40. Rf2 Rxf2+
41. Kxf2 Ra2 42. Ke3 Rxc2 43. Bc7 Rc4 44. h4 Kf8 45. Kd3 Ke8 46. Bb6 Kd7 47. Kd2
Rg4 48. Bf2 Kd6 49. Ke2 c5 50. Kf3 Ra4 51. Be1 f5 52. Bd2 Re4 53. Bc1 Kc6 54.
Bf4 Kb5 55. Bc7 c4 56. Bb6 c3 57. Be3 c2 58. Bd2 d4 59. g4 Rxg4 60. Ke2 Rg2+ 61.
Kd3 Rxd2+ 62. Kxd2 d3 63. h5 gxh5 64. Kc1 Kxa5 65. Kb2 h4 66. Kc1 h3 67. Kb2 h2
{White resigns} 0-1

[Event "Team 45 45 League T40"]
[Site "Internet Chess Club"]
[Date "2009.03.07"]
[Round "6"]
[White "bigcol"]
[Black "QueensCounselor"]
[Result "1/2-1/2"]
[WhiteElo "1885"]
[BlackElo "2004"]
[Opening "King's Indian: London system"]
[ECO "A48"]
[Time "15:10:54"]
[TimeControl "2700+45"]

1. d4 Nf6 2. Nf3 g6 3. Bf4 Bg7 4. e3 d6 5. h3 O-O 6. Be2 c5 7. c3 Qb6 8. Qb3
Qxb3 9. axb3 Be6 10. Nbd2 Nc6 11. O-O Nd5 12. Bg3 cxd4 13. exd4 Bf5 14. b4 Rfe8
15. Nc4 a6 16. Rfe1 b5 17. Ne3 Nxe3 18. fxe3 e5 19. Nh4 Bd7 20. Nf3 f5 21. Bd1
Bc8 22. Bb3+ Kh8 23. Ng5 Nd8 24. Nf7+ Nxf7 25. Bxf7 Re7 26. Bd5 Bb7 27. Bxb7
Rxb7 28. Ra5 Rb6 29. Rea1 {Game drawn by mutual agreement} 1/2-1/2

[Event "Team 45 45 League T40"]
[Site "Internet Chess Club"]
[Date "2009.03.08"]
[Round "6"]
[White "The7thGuest"]
[Black "coffeebreak"]
[Result "1/2-1/2"]
[WhiteElo "2001"]
[BlackElo "1847"]
[Opening "Sicilian defense"]
[ECO "B33"]
[Time "15:17:35"]
[TimeControl "2700+45"]

1. e4 c5 2. Nf3 Nc6 3. d4 cxd4 4. Nxd4 Nf6 5. Nc3 g6 6. Nxc6 bxc6 7. e5 Nh5 8.
Be2 Ng7 9. O-O Ne6 10. f4 Bg7 11. f5 gxf5 12. Rxf5 d5 13. Bh5 O-O 14. Qf1 Qb6+
15. Kh1 Nd8 16. Rg5 Ne6 17. Rf5 Nd8 18. Rg5 Ne6 19. Rf5 {Game drawn by
repetition} 1/2-1/2

[Event \"Team 45 45 League T40\"]\n[Site \"Internet Chess Club\"]\n[Date \"2009.03.11\"]\n[Round \"6\"]\n[White \"tryanything\"]\n[Black \"baumhauer\"]\n[Result \"0-1\"]\n[WhiteElo \"1643\"]\n[BlackElo \"1912\"]\n[Opening \"King\'s knight\'s gambit\"]\n[ECO \"C38\"]\n[Time \"04:33:45\"]\n[TimeControl \"2700+45\"]\n\n1. e4 {0:45:37} e5 {0:45:07} 2. f4 {0:46:14} exf4 {0:45:08} 3. Nf3 {0:46:53}\ng5 {0:45:00} 4. Bc4 {0:47:09} Bg7 {0:45:16} 5. d4 {0:46:26} d6 {0:44:24} 6.\nO-O {0:45:34} Be6 {0:40:31} 7. Bb3 {0:41:36} Bxb3 {0:38:37} 8. axb3\n{0:42:16} h6 {0:31:49} 9. c4 {0:37:05} Nc6 {0:26:11} 10. d5 {0:35:05} Ne5\n{0:23:52} 11. Nxe5 {0:34:39} Bxe5 {0:24:16} 12. Nd2 {0:29:06} Nf6 {0:23:08}\n13. Nf3 {0:29:37} Nxe4 {0:18:16} 14. Nxe5 {0:29:13} dxe5 {0:18:56} 15. Bd2\n{0:27:44} Qd6 {0:15:59} 16. b4 {0:27:25} O-O {0:15:28} 17. Bc3 {0:27:13}\nRad8 {0:14:40} 18. Kh1 {0:25:15} a6 {0:15:03} 19. Ra5 {0:23:58} Rfe8\n{0:12:27} 20. Qc2 {0:21:43} Qg6 {0:13:01} 21. Qe2 {0:20:00} g4 {0:12:52}\n{White resigns}\n0-1\n

[Event "Team 45 45 League T40"]
[Site "Internet Chess Club"]
[Date "2009.03.07"]
[Round "6"]
[White "menorca"]
[Black "fundie"]
[Result "0-1"]
[WhiteElo "2176"]
[BlackElo "2257"]
[Opening "Queen's pawn game"]
[ECO "E20"]
[Time "10:01:07"]
[TimeControl "2700+45"]

1. d4 Nf6 2. c4 e6 3. Nc3 Be7 4. Nf3 O-O 5. Bg5 d6 6. e3 Nbd7 7. Be2 b6 8. O-O
Bb7 9. b4 h6 10. Bh4 g5 11. Bg3 Nh7 12. d5 e5 13. Nd2 f5 14. f3 h5 15. e4 f4 16.
Bf2 Ndf6 17. c5 Bc8 18. h3 g4 19. fxg4 hxg4 20. Bxg4 Nxg4 21. hxg4 Nf6 22. g5
Ng4 23. Bh4 Bxg5 24. Bxg5 Qxg5 25. Nf3 Qh5 26. Qe1 bxc5 27. bxc5 Ne3 28. Qh4
Qxh4 29. Nxh4 Nxf1 30. Rxf1 Ba6 31. Rf2 Kg7 32. cxd6 cxd6 33. Nf5+ Rxf5 34. exf5
Bd3 35. Rb2 Kf6 36. Rb7 Rc8 37. Na4 Rc1+ 38. Kf2 Rf1# {White checkmated} 0-1

[Event "Team 45 45 League T40"]
[Site "Internet Chess Club"]
[Date "2009.03.08"]
[Round "6"]
[White "jorobo"]
[Black "ranaamasonika"]
[Result "1-0"]
[WhiteElo "2202"]
[BlackElo "2150"]
[Opening "Dutch: Leningrad, main variation"]
[ECO "A87"]
[Time "14:18:06"]
[TimeControl "2700+45"]

1. d4 f5 2. c4 Nf6 3. g3 g6 4. Bg2 Bg7 5. Nf3 O-O 6. O-O d6 7. Nc3 Qe8 8. d5 Na6
9. Rb1 Bd7 10. b4 c6 11. dxc6 bxc6 12. Nd4 Rc8 13. b5 cxb5 14. Ncxb5 Rxc4 15.
Nxa7 Nc5 16. Nab5 Nfe4 17. Bb2 e5 18. Na3 Rxd4 19. Bxd4 exd4 20. Qc2 Qe6 21. Nb5
Rc8 22. a4 Nc3 23. Nxc3 dxc3 24. Rb4 d5 25. e3 Ne4 26. Ra1 Qd6 27. Rb7 Bc6 28.
Rb6 Qc7 29. a5 Ra8 30. Qb3 Kh8 31. Rc1 h6 32. Bxe4 dxe4 33. Rxc3 Bxc3 34. Qxc3+
Qg7 35. Qxc6 Rg8 36. Rb7 Qa1+ 37. Kg2 Qe5 38. Qd7 {Black resigns} 1-0